 Dungeon Crawl Stone Soup version 0.18.1-50-g88ac8fd (webtiles) character file.

44989 go0n the Warrior (level 13, -1/115 HPs)
             Began as a Minotaur Fighter on Sept 29, 2016.
             Was the Champion of Qazlal.
             Slain by an 11-headed hydra (8 damage)
             ... on level 6 of the Lair of Beasts.
             The game lasted 00:50:49 (14754 turns).

go0n the Warrior (Minotaur Fighter)                Turns: 14754, Time: 00:50:50

Health: -1/115     AC: 18    Str: 27    XL:     13   Next: 99%
Magic:  21/21      EV:  8    Int:  5    God:    Qazlal [******]
Gold:   561        SH: 24    Dex: 15    Spells: 0 memorised, 12 levels left

rFire  . . .     SeeInvis .     K - +4 hand axe "Xuolein" {freeze, *Rage rN+ MP+9}
rCold  . . .     Gourm    .     a - +0 chain mail of Ymek Betoap {+Blink Dex+4 Stlth+}
rNeg   + . .     Faith    .     c - +0 shield
rPois  .         Spirit   .     (helmet unavailable)
rElec  .         Dismiss  .     C - +0 cloak
rCorr  .         Reflect  +     B - +0 pair of gloves
SustAt +         Harm     .     (no boots)
MR     ++...     Rnd*Rage +     R - +3 amulet of reflection
Stlth  ..........               V - ring of sustain attributes
                                n - ring of protection from magic

@: lethally poisoned (-1 -> -3), frozen, protected from physical damage, repel
missiles, very slow, very resistant to hostile enchantments, extremely
unstealthy
A: retaliatory headbutt, horns 3, talons 1, frail 1, magic resistance 1,
regeneration 1, strong 1, subdued magic 1
a: Upheaval, Elemental Force, Disaster Area, Renounce Religion, Evoke Blink


You were on level 6 of the Lair of Beasts.
You worshipped Qazlal.
Qazlal was exalted by your worship.
You were not hungry.

You visited 2 branches of the dungeon, and saw 17 of its levels.
You also visited: Labyrinth.

You collected 1233 gold pieces.
You spent 672 gold pieces at shops.

Inventory:

Hand Weapons
 K - the +4 hand axe "Xuolein" (weapon) {freeze, *Rage rN+ MP+9}
   (You found it on level 6 of the Dungeon)

   It has been specially enchanted to freeze those struck by it, causing extra
   injury to most foes and up to half again as much damage against particularly
   susceptible opponents.
   It can also slow down cold-blooded creatures.
   It protects you from negative energy.
   It affects your magic capacity (+9).
   It may make you go berserk in combat.
Armour
 a - the +0 chain mail of Ymek Betoap (worn) {+Blink Dex+4 Stlth+}
   (You took it off a minotaur in a labyrinth)

   It affects your dexterity (+4).
   It lets you blink.
   It makes you more stealthy.
 c - a +0 shield (worn)
 r - a +2 plate armour
 B - a +0 pair of gloves (worn)
 C - a +0 cloak (worn)
 Q - the +6 lightning scales {run, rElec}
   (You found it in a labyrinth)

   It insulates you from electricity.
Rods
 M - a +3 rod of inaccuracy (14/14)
   (You found it in a labyrinth)
Jewellery
 e - an uncursed ring of positive energy
 n - a ring of protection from magic (left hand)
 x - an uncursed ring of magical power
 y - an uncursed ring of fire
 L - the ring of Qeorph {MP+9 Int+7}
   (You found it on level 8 of the Dungeon)

   [ring of magical power]

   It affects your intelligence (+7).
   It affects your magic capacity (+9).
 R - a +3 amulet of reflection (around neck)
 V - a ring of sustain attributes (right hand)
Wands
 b - a wand of slowing (30/48)
 h - a wand of slowing (31/48)
 v - a wand of polymorph (16/24)
 A - a wand of polymorph (15/24)
 H - a wand of iceblast (10/15)
 T - a wand of flame (27/48)
 W - a wand of lightning (9/15)
 X - a wand of lightning (5/15)
 Z - a wand of lightning (5/15)
Scrolls
 i - a scroll of acquirement {unknown}
 j - 20 scrolls of identify
 o - 10 scrolls of teleportation
 t - 2 scrolls of recharging
 G - 2 scrolls of remove curse
 I - 3 scrolls of enchant weapon
 N - 5 scrolls of amnesia
 O - 2 scrolls of enchant armour
 P - 4 scrolls of magic mapping
Potions
 k - a potion of curing
 l - 2 potions of cure mutation
 F - 2 potions of brilliance
 J - a potion of magic {unknown}
 U - a potion of resistance
Books
 p - a book of Beasts

   Spells                             Type                      Level
   a - Summon Butterflies             Summoning                    1
   b - Call Canine Familiar           Summoning                    3
   c - Summon Ice Beast               Ice/Summoning                4
   d - Summon Mana Viper              Hexes/Summoning              5
   e - Summon Hydra                   Summoning                    7
 u - a book of Conjurations

   Spells                             Type                      Level
   a - Magic Dart                     Conjuration                  1
   b - Searing Ray                    Conjuration                  2
   c - Dazzling Spray                 Conjuration/Hexes            3
   d - Fulminant Prism                Conjuration/Hexes            4
   e - Iskenderun's Mystic Blast      Conjuration                  4
   f - Iskenderun's Battlesphere      Conjuration/Charms           5
 w - a book of Callings

   Spells                             Type                      Level
   a - Summon Small Mammal            Summoning                    1
   b - Call Imp                       Summoning                    2
   c - Call Canine Familiar           Summoning                    3
   d - Summon Guardian Golem          Hexes/Summoning              3
   e - Summon Lightning Spire         Summoning/Air                4
   f - Summon Ice Beast               Ice/Summoning                4
 z - a book of Air

   Spells                             Type                      Level
   a - Shock                          Conjuration/Air              1
   b - Swiftness                      Charms/Air                   2
   c - Repel Missiles                 Charms/Air                   2
   d - Static Discharge               Conjuration/Air              3
   e - Lightning Bolt                 Conjuration/Air              5
 E - Itiagun's Guide on Shifting Toxins
   (You found it in a labyrinth)

   Spells                             Type                      Level
   a - Sting                          Conjuration/Poison           1
   b - Beastly Appendage              Transmutation                1
   c - Mephitic Cloud                 Conjuration/Poison/Air       3
   d - Olgreb's Toxic Radiance        Poison                       4
   e - Venom Bolt                     Conjuration/Poison           5
   f - Alistair's Intoxication        Transmutation/Poison         5
Miscellaneous
 d - a sack of spiders
 D - a phantom mirror
Comestibles
 f - a bread ration
 g - 6 meat rations
 m - 12 fruits
 q - 4 slices of pizza
 s - 2 beef jerkies
 S - 11 chunks of flesh


   Skills:
 + Level 16.1 Fighting
   Level 9.8 Long Blades
 - Level 14.6 Axes
 - Level 12.8 Armour
 * Level 10.9 Shields


You had 12 spell levels left.
You didn't know any spells.

Dungeon Overview and Level Annotations

Branches:
Dungeon (11/15)            Temple (0/1) D:6            Lair (6/8) D:11
 Spider (0/4) Lair:5          Orc (0/2) D:11
  Swamp: Lair:3-6    Shoals: Lair:3-6     Slime: Lair:6-8

Altars:
Ashenzari
Elyvilon
Fedhas
Okawaru
Qazlal
Ru
Xom
Yredelemnul
Zin

Shops:
D:10 %   D:11 !


Innate Abilities, Weirdness & Mutations

You reflexively headbutt those who attack you in melee.
You have a pair of large horns on your head.
You have sharp toenails.
You are frail (-10% HP).
You are resistant to hostile enchantments.
Your natural rate of healing is unusually fast.
Your muscles are strong. (Str +2)
Your spells are a little easier to cast, but a little less powerful.


Message History

You are encased in ice.
You block the wyvern's attack.
You feel sick.
You hear a screech!
You block the rime drake's attack. You block the wyvern's attack.
The hippogriff is engulfed in freezing vapours.
The 11-headed hydra bites you but does no damage.
The 11-headed hydra completely misses you.
The 11-headed hydra bites you.
* * * LOW HITPOINT WARNING * * *
Your resistance to cold fades away.
You feel protected from physical attacks.
The 11-headed hydra bites you!
* * * LOW HITPOINT WARNING * * *
You feel more protected from physical attacks.
The 11-headed hydra bites you but does no damage.
The 11-headed hydra bites you!
* * * LOW HITPOINT WARNING * * *
The 11-headed hydra bites you!
You die...

.........#$PP....#.
.................P.
...................
..............l....
PP.!.......P.......
P....§..§..#.......
..P.....l§.......#.
.....§.@kHH.H....P.
..#.wwlYDH†.†......
......§l§§†....P...
#.......§l.....P...
.........§.........
#..........##.P#.P.
...................
...................
#.................


You could see a 11-headed hydra, an elephant, 2 giant leeches, a manticore, 3
hippogriffs, 3 basilisks, a rime drake and 2 wyverns.

Vanquished Creatures
  Rupert (Lair:5)
  Gastronok (D:8)
  A minotaur (Lab)
  Snorg (D:10)
  2 hydras
  4 death yaks (Lair:4)
  3 hill giants (D:10)
  Pikel (D:6)
  A manticore (Lair:5)
  2 oklob plants
  2 black mambas
  28 elephants
  2 gargoyles
  Joseph (D:8)
  7 spiny frogs
  3 komodo dragons
  4 orc warriors
  7 rime drakes
  2 trolls
  3 jumping spiders (Lair:5)
  Prince Ribbit (D:6)
  A boulder beetle (Lair:4)
  A two-headed ogre (D:10)
  6 blink frogs
  Sigmund (D:4)
  5 redbacks
  A wraith (D:11)
  4 hippogriffs
  14 yaks
  6 basilisks
  3 hungry ghosts
  A steam dragon (D:10)
  Duvessa (D:4)
  5 water moccasins
  4 porcupines
  4 gnoll sergeants
  6 sky beasts
  A slave (D:6)
  A phantom (D:9)
  A black bear (D:6)
  An ice beast (D:10)
  An eye of draining (D:9)
  7 ogres
  12 wolves
  2 centaurs
  13 crocodiles
  4 big kobolds
  Dowan (D:4)
  10 giant frogs
  4 scorpions
  3 electric eels
  4 howler monkeys
  6 crimson imps
  A lava snake (D:10)
  2 giant frog zombies
  2 centaur zombies
  4 hounds
  A gnoll shaman (D:4)
  3 orc priests
  Crazy Yiuf (D:4)
  5 jellies
  9 orc wizards
  10 iguanas
  A centaur skeleton (D:9)
  4 giant frog skeletons
  9 worker ants
  11 sheep
  A killer bee zombie (D:3)
  12 gnolls
  2 howler monkey zombies
  13 adders
  19 river rats
  4 shadow imps
  2 oozes
  3 worms
  35 orcs
  4 ball pythons
  9 bats
  7 giant cockroaches
  7 goblins
  4 hobgoblins
  15 kobolds
  5 quokkas
  5 giant newts
  A quokka skeleton (D:5)
  7 rats
  44 fungi
  51 plants
524 creatures vanquished.

Vanquished Creatures (others)
  An ogre (D:6)
  3 slaves (D:6)
  57 fungi
  43 plants
104 creatures vanquished.

Grand Total: 628 creatures vanquished

Notes
Turn   | Place    | Note
--------------------------------------------------------------
     0 | D:1      | go0n the Minotaur Fighter began the quest for the Orb.
     0 | D:1      | Reached XP level 1. HP: 19/19 MP: 0/0
   191 | D:1      | Reached XP level 2. HP: 27/27 MP: 1/1
   751 | D:2      | Reached XP level 3. HP: 31/33 MP: 2/2
   791 | D:2      | Reached skill level 4 in Fighting
  1371 | D:3      | Reached XP level 4. HP: 40/40 MP: 3/3
  1392 | D:3      | Reached skill level 5 in Shields
  1869 | D:4      | Noticed Sigmund
  1883 | D:4      | Killed Sigmund
  1883 | D:4      | Reached skill level 5 in Fighting
  1883 | D:4      | Reached XP level 5. HP: 27/48 MP: 4/4
  1883 | D:4      | Reached XP level 6. HP: 32/56 MP: 5/5
  2264 | D:4      | Noticed Duvessa
  2264 | D:4      | Noticed Dowan
  2274 | D:4      | Killed Duvessa
  2274 | D:4      | Reached skill level 5 in Long Blades
  2281 | D:4      | Killed Dowan
  2281 | D:4      | Reached skill level 6 in Fighting
  2281 | D:4      | Reached XP level 7. HP: 38/63 MP: 6/6
  2437 | D:4      | Noticed Crazy Yiuf
  2442 | D:4      | Killed Crazy Yiuf
  2819 | D:4      | Found a stormy altar of Qazlal.
  2824 | D:4      | Became a worshipper of Qazlal Stormbringer
  2915 | D:4      | Found a sacrificial altar of Ru.
  3296 | D:5      | Entered Level 5 of the Dungeon
  3375 | D:5      | Found Mixkycwa's Distillery.
  3580 | D:5      | Found an iron altar of Okawaru.
  3671 | D:5      | Gained mutation: You are partially covered in rough black scales (AC +4, Dex -1). [mutagenic meat]
  3672 | D:5      | Gained mutation: You can translocate small distances at will. [mutagenic meat]
  3673 | D:5      | Gained mutation: You are weak. (Str -2) [mutagenic meat]
  3674 | D:5      | Gained mutation: You are clumsy. (Dex -2) [mutagenic meat]
  3683 | D:5      | Reached XP level 8. HP: 56/71 MP: 7/7
  3684 | D:5      | Lost mutation: You can translocate small distances at will. [potion of cure mutation]
  3684 | D:5      | Lost mutation: You are partially covered in rough black scales (AC +4, Dex -1). [potion of cure mutation]
  3684 | D:5      | Lost mutation: You are weak. (Str -2) [potion of cure mutation]
  3684 | D:5      | Lost mutation: You are clumsy. (Dex -2) [potion of cure mutation]
  3792 | D:5      | Reached skill level 7 in Fighting
  4279 | D:6      | Reached * piety under Qazlal
  4331 | D:6      | Noticed Pikel
  4366 | D:6      | Killed Pikel
  4366 | D:6      | Reached skill level 8 in Fighting
  4380 | D:6      | Got a warped hand axe
  4389 | D:6      | Identified the +4 hand axe "Xuolein" {freeze, *Rage rN+ MP+9} (You found it on level 6 of the Dungeon)
  4447 | D:6      | Reached XP level 9. HP: 76/82 MP: 8/8
  4467 | D:6      | Reached skill level 1 in Axes
  4694 | D:6      | Found a staircase to the Ecumenical Temple.
  4800 | D:6      | Reached skill level 9 in Fighting
  4938 | D:6      | Noticed Prince Ribbit
  4953 | D:6      | Killed Prince Ribbit
  4953 | D:6      | Reached skill level 5 in Axes
  4988 | D:6      | Found a basalt altar of Yredelemnul.
  5541 | D:7      | You fall through a shaft!
  5542 | D:8      | Noticed Joseph
  5550 | D:8      | Killed Joseph
  5550 | D:8      | Reached skill level 10 in Fighting
  5790 | D:8      | Got a wavering lapis lazuli ring
  5797 | D:8      | Identified the ring of Qeorph {MP+9 Int+7} (You found it on level 8 of the Dungeon)
  5845 | D:8      | Reached ** piety under Qazlal
  6059 | D:8      | Noticed Gastronok
  6081 | D:8      | Killed Gastronok
  6081 | D:8      | Reached skill level 10 in Axes
  6081 | D:8      | Reached XP level 10. HP: 23/94 MP: 9/9
  6444 | D:8      | Reached skill level 11 in Fighting
  6448 | D:8      | Gained mutation: You are frail (-10% HP). [mutagenic meat]
  6451 | D:8      | Gained mutation: You have a pair of large horns on your head. [mutagenic meat]
  6452 | D:8      | Gained mutation: Your spells are a little easier to cast, but a little less powerful. [mutagenic meat]
  6874 | D:9      | Found a shimmering altar of Xom.
  6874 | D:9      | Found a white marble altar of Elyvilon.
  6932 | D:9      | Reached *** piety under Qazlal
  6960 | D:9      | Got a faintly glowing rapier {pierce}
  6964 | D:9      | Identified the +7 rapier "Xoabaocs" {pierce, Dex+4 Stlth+} (You took it off an orc wizard on level 9 of the Dungeon)
  7225 | D:9      | Found a glowing silver altar of Zin.
  7332 | D:10     | Entered Level 10 of the Dungeon
  7353 | D:10     | Noticed a hill giant
  7365 | D:10     | Killed a hill giant
  7683 | D:10     | Gained mutation: Your muscles are strong. (Str +2) [potion of beneficial mutation]
  7696 | D:10     | Gained mutation: You are resistant to hostile enchantments. [potion of beneficial mutation]
  7697 | D:10     | Gained mutation: Your natural rate of healing is unusually fast. [potion of beneficial mutation]
  7737 | D:10     | Reached XP level 11. HP: 51/93 MP: 10/10
  7854 | D:10     | Noticed a hill giant
  7868 | D:10     | Killed a hill giant
  7868 | D:10     | Reached skill level 12 in Fighting
  8171 | D:10     | Found Koured's Food Boutique.
  8210 | D:10     | Bought a meat ration for 60 gold pieces
  8374 | D:10     | Noticed Snorg
  8385 | D:10     | Killed Snorg
  8432 | D:10     | Noticed a hill giant
  8442 | D:10     | Killed a hill giant
  8875 | D:11     | Found a staircase to the Lair.
  8916 | D:11     | Reached **** piety under Qazlal
  8930 | D:11     | Found a shimmering altar of Xom.
  9073 | D:11     | Noticed a five-headed hydra
  9076 | D:11     | Got a warped robe
  9084 | D:11     | Killed an 11-headed hydra
  9089 | D:11     | Reached skill level 13 in Fighting
  9254 | D:11     | Identified the +2 robe "Xouwnut" {rElec rC- MP+9 Int-5} (You found it on level 11 of the Dungeon)
  9254 | D:11     | Lost intelligence.
  9517 | D:11     | Found a shattered altar of Ashenzari.
  9521 | D:11     | Saw a vision of the Swamp and the Spider Nest.
  9521 | D:11     | Noticed a wolf spider
  9521 | D:11     | Noticed an alligator
  9521 | D:11     | Noticed an alligator
  9601 | D:11     | Found Hiced's Distillery.
  9604 | D:11     | Bought a potion of beneficial mutation for 420 gold pieces
  9604 | D:11     | Bought a potion of curing for 36 gold pieces
  9604 | D:11     | Bought a potion of curing for 36 gold pieces
  9604 | D:11     | Bought a potion of resistance for 120 gold pieces
  9605 | D:11     | Gained mutation: You have sharp toenails. [potion of beneficial mutation]
  9725 | D:11     | Found a staircase to the Orcish Mines.
  9835 | Lair:1   | Entered Level 1 of the Lair of Beasts
 10120 | Lair:1   | Reached XP level 12. HP: 103/103 MP: 11/11
 10626 | Lair:2   | Reached skill level 5 in Armour
 10767 | Lair:2   | Reached ***** piety under Qazlal
 11580 | Lair:3   | Noticed a five-headed hydra
 11598 | Lair:3   | Killed a ten-headed hydra
 12035 | Lair:4   | Reached skill level 14 in Fighting
 12039 | Lair:4   | Noticed a death yak
 12039 | Lair:4   | Noticed a death yak
 12040 | Lair:4   | Noticed a death yak
 12041 | Lair:4   | Noticed a death yak
 12068 | Lair:4   | Killed a death yak
 12069 | Lair:4   | Killed a death yak
 12075 | Lair:4   | Killed a death yak
 12077 | Lair:4   | Killed a death yak
 12091 | Lair:4   | Reached skill level 10 in Armour
 12311 | Lair:4   | Found a labyrinth entrance.
 12375 | Lab      | Entered a labyrinth
 12516 | Lab      | Noticed a minotaur
 12539 | Lab      | Killed a minotaur
 12541 | Lab      | Got a pearl-encrusted chain mail
 12562 | Lab      | Identified the cursed +0 chain mail of Ymek Betoap {+Blink Dex+4 Stlth+} (You took it off a minotaur in a labyrinth)
 12615 | Lab      | Identified Itiagun's Guide on Shifting Toxins
 12721 | Lair:4   | Reached XP level 13. HP: 103/112 MP: 12/12
 12752 | Lair:4   | Reached skill level 15 in Fighting
 13439 | Lair:4   | Found a blossoming altar of Fedhas.
 13849 | Lair:5   | Reached ****** piety under Qazlal
 13856 | Lair:5   | Noticed Rupert
 13876 | Lair:5   | Killed Rupert
 14050 | Lair:5   | Found a hole to the Spider Nest.
 14395 | Lair:5   | Reached skill level 10 in Shields
 14700 | Lair:5   | Reached skill level 16 in Fighting
 14754 | Lair:6   | Slain by an 11-headed hydra

Skill      XL: |  1  2  3  4  5  6  7  8  9 10 11 12 13 |
---------------+----------------------------------------+-----
Shields        | 4 6 7 10 | 10.9
Long Blades    | 3 4 5 6 9 |  9.8
Fighting       | 4 5 6 8 10 11 13 14 16 | 16.1
Axes           | 10 11 14 | 14.6
Armour         | 10 12 | 12.8

Action                   |  1- 3 |  4- 6 |  7- 9 | 10-12 | 13-15 || total
-------------------------+-------+-------+-------+-------+-------++-------
Melee: Long sword        |    97 |    78 |   166 |       |       ||   341
       Headbutt          |    15 |    15 |    64 |   151 |   101 ||   346
       Hand axe          |       |       |   160 |   576 |   261 ||   997
       Kick              |       |       |       |   108 |   162 ||   270
  Use: Scroll            |     5 |     1 |     7 |     8 |       ||    21
       Potion            |     4 |     1 |     4 |    14 |     2 ||    25
  Eat: Meat ration       |     1 |       |       |       |       ||     1
       Chunk             |       |       |     6 |    10 |     4 ||    20
       Bread ration      |       |       |     3 |     6 |     2 ||    11
       Royal jelly       |       |       |       |     2 |       ||     2
       Beef jerky        |       |       |       |     1 |       ||     1
       Fruit             |       |       |       |     1 |       ||     1
Armor: Scale mail        |    34 |       |       |       |       ||    34
       Plate armour      |    32 |    55 |   143 |   169 |       ||   399
       Chain mail        |       |       |       |       |   113 ||   113
Dodge: Dodged            |    32 |    11 |    50 |    71 |    52 ||   216
       Deflected         |       |       |       |     3 |     2 ||     5
Block: Shield            |    57 |    42 |   180 |   427 |   310 ||  1016
       Reflection        |       |       |       |     5 |     2 ||     7
